 Dungeon Crawl Stone Soup version 0.26.0-7-g794d0892b4 (webtiles) character file.

Game seed: 14379833546969755131

1525 Vendrick the Chopper (level 9, -5/69 HPs)
             Began as a Formicid Fighter on Jan 11, 2021.
             Killed by divine providence
             ... invoked by an orc priest
              (15 damage)
             ... on level 5 of the Dungeon.
             The game lasted 00:17:13 (3959 turns).

Vendrick the Chopper (Formicid Fighter)             Turns: 3959, Time: 00:17:14

Health: -5/69      AC: 14    Str: 23    XL:     9   Next: 10%
Magic:  9/9        EV: 10    Int:  9    God:
Gold:   257        SH: 10    Dex: 10    Spells: 8/8 levels left

rFire    . . .     SeeInvis +   u - +5 flail (holy)
rCold    . . .     Faith    .   c - +0 kite shield
rNeg     . . .     Spirit   .   b - +0 scale mail
rPois    .         Reflect  .   (helmet unavailable)
rElec    .         Harm     .   n - +0 cloak
rCorr    .         Rampage  .   q - +0 pair of gloves
Will     .....                  (no boots)
Stlth    ..........             (no amulet)
HPRegen  0.21/turn              t - +4 ring of protection
MPRegen  0.11/turn              (no ring)

@: no status effects
A: permanent stasis, dig shafts and tunnels, four strong arms, antennae 3
a: Dig, Shaft Self


You were on level 5 of the Dungeon.
You visited 1 branch of the dungeon, and saw 6 of its levels.

You collected 257 gold pieces.

Inventory:

Hand Weapons
 a - a +0 war axe
 u - a +5 flail of holy wrath (weapon)
Armour
 b - a +0 scale mail (worn)
 c - a +0 kite shield (worn)
 n - a +0 cloak (worn)
 q - a +0 pair of gloves (worn)
Jewellery
 t - a +4 ring of protection (left hand)
Wands
 s - a wand of polymorph (6)
Scrolls
 e - 2 scrolls of identify
 f - a scroll of blinking
 i - a scroll of enchant weapon
 k - a scroll of noise
 l - a scroll of immolation
 o - a scroll of random uselessness
 p - a scroll of enchant armour
 v - a scroll of remove curse
Potions
 d - 3 potions of might
 g - a potion of attraction {unknown}
 h - 4 potions of brilliance {unknown}
 j - a potion of haste
 m - a potion of mutation {unknown}
 r - 5 potions of curing {unknown}


   Skills:
 + Level 5.7 Fighting
 * Level 6.5 Axes
 + Level 5.8 Armour
 + Level 3.6 Dodging
 + Level 6.3 Shields


You had 8 spell levels left.
You didn't know any spells.
Your spell library was empty.

Dungeon Overview and Level Annotations

Branches:
Dungeon (6/15)
 Temple: D:4-7

Altars:
Gozag
Kikubaaqudgha
Zin
The Shining One

Shops:
D:5 =?


Innate Abilities, Weirdness & Mutations

You cannot be hasted, slowed, berserked, paralysed or teleported.
You can dig through walls and to a lower floor.
Your four strong arms can wield two-handed weapons with a shield.
You have a pair of large antennae on your head. (SInv)


Message History

You hit the ice beast.
The ice beast is severely wounded.
You block the ice beast's attack.
You barely miss the ice beast.
The ice beast is severely wounded.
The ice beast hits you. The ice beast freezes you.
You hit the ice beast.
The ice beast is severely wounded.
You block the ice beast's attack.
The ice beast hits you but does no damage.
The orc priest mumbles some strange prayers to Beogh against you.
Beogh smites you!
* * * LOW HITPOINT WARNING * * *
The orc priest mumbles some strange prayers to Beogh against you.
Beogh smites you!
* * * LOW HITPOINT WARNING * * *
The orc priest curses repeatedly.
The orc priest invokes the aid of Beogh against you.
Beogh smites you!
You die...

#..#####.# #..#..
... #######..#.#
#.#
#.....<..#.###..
#............#.# #
#.###......#.#.# .#
#.# #.._...#.#># .#
###.#
#..........##.###.#
....#
#.........@.......#
.##.#
#.............###.
.##.#
########.##Y###
.##.# ..# #..##.#
.##.. .8.....∩.##.#
.##.. #.#..######.#
.###.8<∩.8. ####o##
.# ###.#.#
#...S.###.# .#
#8#.# #.#.......#


You could see an ice beast, an orc priest and a ball python.

Vanquished Creatures
  Prince Ribbit (D:6)
  Sigmund (D:3)
  Edmund (D:4)
  An orc warrior (D:6)
  3 ogres
  2 centaurs
  A bullfrog (D:6)
  A hound (D:4)
  Crazy Yiuf (D:3)
  Ijyb (D:5)
  5 worker ants
  Natasha (D:3)
  3 orc wizards
  3 gnolls
  5 adders
  A white imp (D:5)
  4 worms
  4 dart slugs
  3 leopard geckos
  9 orcs
  8 giant cockroaches
  6 goblins
  6 hobgoblins
  7 jackals
  A quokka (D:4)
  3 ball pythons
  8 bats
  6 frilled lizards
  6 kobolds
  3 rats
105 creatures vanquished.

Vanquished Creatures (others)
  A fungus (D:3)
1 creature vanquished.

Grand Total: 106 creatures vanquished

Notes
Turn   | Place    | Note
-------+----------+-------------------------------------------
     0 | D:1      | Vendrick the Formicid Fighter began the quest for the Orb.
     0 | D:1      | Reached XP level 1. HP: 18/18 MP: 1/1
    83 | D:1      | Reached XP level 2. HP: 19/24 MP: 2/2
   673 | D:2      | Reached XP level 3. HP: 29/29 MP: 3/3
   689 | D:2      | Reached XP level 4. HP: 18/36 MP: 4/4
   956 | D:2      | Reached skill level 1 in Dodging
  1449 | D:2      | Reached XP level 5. HP: 41/42 MP: 5/5
  1714 | D:3      | Noticed Sigmund
  1720 | D:3      | Killed Sigmund
  1721 | D:3      | Reached XP level 6. HP: 40/48 MP: 6/6
  1846 | D:3      | Found a runed translucent door.
  1847 | D:3      | Noticed Crazy Yiuf
  1856 | D:3      | Killed Crazy Yiuf
  2253 | D:3      | Noticed Natasha
  2261 | D:3      | Killed Natasha
  2262 | D:3      | Reached XP level 7. HP: 55/55 MP: 7/7
  2274 | D:3      | Found an ancient bone altar of Kikubaaqudgha.
  2372 | D:3      | Reached skill level 5 in Shields
  2935 | D:4      | Noticed Edmund
  2951 | D:4      | Killed Edmund
  2952 | D:4      | Reached skill level 5 in Fighting
  2952 | D:4      | Reached skill level 5 in Axes
  2952 | D:4      | Reached skill level 5 in Armour
  2952 | D:4      | Reached XP level 8. HP: 50/62 MP: 8/8
  3305 | D:4      | Found an opulent altar of Gozag.
  3305 | D:4      | Found a glowing golden altar of the Shining One.
  3412 | D:4      | You fall into a shaft and drop 2 floors!
  3427 | D:6      | Noticed Prince Ribbit
  3439 | D:6      | Killed Prince Ribbit
  3715 | D:6      | Reached XP level 9. HP: 68/68 MP: 9/9
  3836 | D:5      | Entered Level 5 of the Dungeon
  3836 | D:5      | Found Leotuirch's Magic Scroll Boutique.
  3837 | D:5      | Found a glowing silver altar of Zin.
  3878 | D:5      | Noticed Ijyb
  3885 | D:5      | Killed Ijyb
  3898 | D:5      | Found Moroc's Jewellery Boutique.
  3959 | D:5      | Killed from afar by an orc priest

Illustrated notes

Levels and vault maps discovered:
D:1:      ncdulo_wetmaze, layout_rooms, ebering_dispersal_statue_hall
D:2:      layout_rooms, roderic_lattice_a
D:3:      layout_loops_ring, marbit_many_paths,
          minmay_fractal_squares_diagonal_5, uniq_crazy_yiuf_cottage,
          uniq_sigmund, uniq_natasha
D:4:      layout_gridville, gammafunk_temple_overflow_pools, st_stairs_8,
          grunt_tough_drop, uniq_edmund
D:5:      layout_loops_ring, minmay_temple_entry_junction, basic_altar,
          serial_shops, shop, shop, nicolae_shop_statue_plus,
          portal_sewer_entry_c, nicolae_ru_path_of_blood, uniq_duvessa,
          uniq_ijyb
D:6:      layout_cave_pools, uniq_prince_ribbit1, uniq_maggie

Skill      XL: |  1  2  3  4  5  6  7  8 |
---------------+-------------------------+-----
Shields        | 4 5 6 |  6.3
Dodging        | 1 2 3 |  3.6
Axes           | 3 4 5 6 |  6.5
Fighting       | 4 5 |  5.7
Armour         | 4 5 |  5.8

Action                   |  1- 3 |  4- 6 |  7- 9 || total
-------------------------+-------+-------+-------++-------
Melee: War axe           |    61 |   164 |    51 ||   276
       Flail             |       |       |   108 ||   108
  Use: Scroll            |       |       |     9 ||     9
Armor: Scale mail        |    23 |    84 |    52 ||   159
Dodge: Dodged            |    24 |    62 |    46 ||   132
Block: Kite shield       |    35 |    95 |    70 ||   200
